 Dungeon Crawl Stone Soup version 0.28.0-43-g3370ac3207 (webtiles) character file.

Game seed: 4991252829592566796

91 dianekeaton the Skirmisher (level 4, -4/41 HPs)
             Began as a Hill Orc Fighter on Mar 25, 2022.
             Slain by an orc
             ... wielding a +0 hand axe
              (6 damage)
             ... on level 4 of the Dungeon.
             The game lasted 00:06:12 (2532 turns).

dianekeaton the Skirmisher (Hill Orc Fighter)       Turns: 2532, Time: 00:06:13

Health: -4/41      AC: 10    Str: 20    XL:     4   Next: 59%
Magic:  4/4        EV:  9    Int:  8    God:
Gold:   77         SH:  5    Dex: 10    Spells: 3/3 levels left

rFire   . . .      SeeInvis .   a - +1 flail (flame)
rCold   . . .      Faith    .   c - +1 buckler
rNeg    . . .      Spirit   .   b - +0 scale mail
rPois   .          Reflect  .   m - +0 helmet
rElec   .          Harm     .   (no cloak)
rCorr   .          Rampage  .   (no gloves)
Will    .....                   (no boots)
Stlth   ..........              (no amulet)
HPRegen 0.13/turn               (no ring)
MPRegen 0.09/turn               (no ring)

@: no status effects
A: iridescent scales 1, MP-powered wands
a: no special abilities


You were on level 4 of the Dungeon.
You visited 1 branch of the dungeon, and saw 4 of its levels.

You collected 77 gold pieces.

Inventory:

Hand Weapons
 a - a +1 flail of flaming (weapon)
Missiles
 f - a throwing net (quivered)
Armour
 b - a +0 scale mail (worn)
 c - a +1 buckler (worn)
 m - a +0 helmet (worn)
Jewellery
 h - an amulet of reflection
Scrolls
 g - 2 scrolls of identify
 j - a scroll of immolation
 n - a scroll of brand weapon


   Skills:
 + Level 4.6 Fighting
 + Level 3.3 Maces & Flails
 + Level 4.2 Armour
 + Level 0.3 Dodging
 + Level 0.1 Stealth
 - Level 3.2 Shields


You had 3 spell levels left.
You didn't know any spells.
Your spell library contained the following spells:

 Spells                   Type           Power      Damage    Failure   Level
 Sandblast                Erth           0%         2d4       85%         1
 Passwall                 Tmut/Erth      0%         N/A       94%         2
 Static Discharge         Conj/Air       0%         N/A       94%         2
 Stone Arrow              Conj/Erth      0%         3d7       99%         3
 Lightning Bolt           Conj/Air       0%         1d11      100%        5
 Maxwell's Capacitive Co  Air            0%         ∞         100%        8


Dungeon Overview and Level Annotations

Branches:
Dungeon (4/15)
 Temple: D:4-7

Altars:

Annotations:
D:3 Sigmund


Innate Abilities, Weirdness & Mutations

You are partially covered in iridescent scales. (AC +2)
You expend magic power (3 MP) to strengthen your wands.


Message History

The orc wizard hits you but does no damage.
You miss the orc. The orc closely misses you. The orc hits you with a +0 flail!
The orc wizard barely misses you. The orc hits you with a +0 hand axe.
You bump into the rock wall.
The orc hits you with a +0 flail!
* * * LOW HITPOINT WARNING * * *
The orc wizard closely misses you. The orc closely misses you.
You are too confused!
Really quaff the potion of mutation?
You feel extremely strange.
You feel your magical essence link to the dungeon's wands.
Iridescent scales grow over part of your body.
The orc hits you with a +0 flail.
* * * LOW HITPOINT WARNING * * *
The orc wizard hits you but does no damage.
The orc hits you but does no damage.
You hit the orc but do no damage. The orc hits you but does no damage.
The orc wizard hits you but does no damage.
The orc hits you with a +0 hand axe.
* * * LOW HITPOINT WARNING * * *
The orc closely misses you.
You are too confused!
You are too confused!
You are too confused!
You're too confused to move!
The orc wizard hits you but does no damage.
The orc closely misses you. The orc hits you but does no damage.
You're too confused to move!
You feel less confused. The orc wizard completely misses you.
The orc hits you but does no damage. The orc barely misses you.
Really read the scroll of immolation?
As you read the scroll of immolation, it crumbles to dust.
The creatures around you are filled with an inner flame!
The orc wizard hits you but does no damage.
The orc hits you but does no damage. You block the orc's attack.
Okay, then.
Sorry, you're not good enough to have a special ability.
You barely miss the orc. You block the orc wizard's attack.
The orc hits you with a +0 hand axe.
You die...

##.......#
...#####........+
#.....#...##+## .
#######'####..#
..
#.............#
...
#.............#
....
########+###..#
..... #.o#......
#@o)>.....
#.o#......
##+#...... .....
.o... ....


oo.. You could see an orc wizard (inner flame) and 2 orcs.

Vanquished Creatures
  A hound (D:2)
  An adder (D:3)
  A worm (D:2)
  5 orcs
  5 ball pythons
  2 endoplasms (D:1)
  A giant cockroach (D:1)
  3 goblins
  4 hobgoblins
  3 quokkas
  9 bats
  2 frilled lizards
  3 kobolds
  2 rats (D:1)
42 creatures vanquished.

Notes
Turn   | Place    | Note
-------+----------+-------------------------------------------
     0 | D:1      | dianekeaton the Hill Orc Fighter began the quest for the
                  | Orb.
     0 | D:1      | Reached XP level 1. HP: 19/19 MP: 1/1
    35 | D:1      | Found a faded altar of an unknown god.
    60 | D:1      | You fall into a shaft and drop 1 floor!
    84 | D:2      | Reached XP level 2. HP: 15/27 MP: 2/2
  1179 | D:1      | Reached XP level 3. HP: 33/33 MP: 3/3
  1792 | D:2      | Reached XP level 4. HP: 36/41 MP: 4/4
  2435 | D:3      | Noticed Sigmund
  2527 | D:4      | Gained mutation: You expend magic power (3 MP) to
                  | strengthen your wands. [potion of mutation]
  2527 | D:4      | Gained mutation: You are partially covered in iridescent
                  | scales. (AC +2) [potion of mutation]
  2528 | D:4      | HP: 2/41 [orc/+0 hand axe (1)]
  2532 | D:4      | Slain by an orc

Illustrated notes

Levels and vault maps discovered:
D:1:      dpeg_arrival_long_road, layout_basic, basic_ecumenical_altar
D:2:      layout_basic
D:3:      layout_basic, minmay_misc_feat_square, minmay_misc_feat_hallway,
          kennysheep_boxes, uniq_natasha, uniq_terence, uniq_sigmund
D:4:      layout_gridville, minmay_temple_entry_ruins, minmay_joined_circles,
          uniq_blork_the_orc

Skill      XL: |  1  2  3 |
---------------+----------+-----
Fighting       | 4 |  4.6
Maces & Flails | 3 |  3.3
Armour         | 4 |  4.2
Dodging        | |  0.3
Stealth        | |  0.1
Shields        | |  3.2

Action                   |  1- 3 |  4- 6 || total
-------------------------+-------+-------++-------
Melee: Flail             |    77 |    43 ||   120
  Use: Scroll            |     6 |     1 ||     7
       Potion            |       |     3 ||     3
Armor: Scale mail        |    42 |    41 ||    83
Dodge: Dodged            |    41 |    22 ||    63
Block: Buckler           |    21 |    21 ||    42
